 Dungeon Crawl Stone Soup version 0.28.0-53-g5a82cb258f (webtiles) character file.

Game seed: 4661918706109424491

41 MiltankisOP the Covert (level 3, 0/17 HPs)
             Began as a Felid Delver on July 12, 2022.
             Slain by an iguana (12 damage)
             ... on level 5 of the Dungeon.
             The game lasted 00:00:44 (194 turns).

MiltankisOP the Covert (Felid Delver)                Turns: 194, Time: 00:00:44

Health: 0/17       AC:  1    Str:  8    XL:     3   Next: 32%
Magic:  4/4        EV: 17    Int: 11    God:
Gold:   0          SH:  0    Dex: 19    Spells: 2/2 levels left
                                        Lives:  0   Deaths: 0

rFire   . . .      SeeInvis +     - Unarmed
rCold   . . .      Faith    .   (shield unavailable)
rNeg    . . .      Spirit   .   (armour unavailable)
rPois   .          Reflect  .   (helmet unavailable)
rElec   .          Harm     .   (cloak unavailable)
rCorr   .          Rampage  .   (gloves unavailable)
Will    .....                   (boots unavailable)
Stlth   ++++......              (no amulet)
HPRegen 0.05/turn               (no ring)
MPRegen 0.09/turn               (no ring)

@: hasted, very quick
A: very small, claws 1, fangs 3, see invisible, speed 1, shaggy fur 1, stealthy
paws, no weapons or thrown items, no armour, multi-lived
a: no special abilities


You were on level 5 of the Dungeon.
You visited 1 branch of the dungeon, and saw 1 of its levels.

Inventory:

Wands
 e - a wand of digging (3)
Scrolls
 a - a scroll of fog
 b - a scroll of magic mapping
 c - a scroll of fear
Potions
 d - a potion of haste
 f - a potion of degeneration {unknown}


   Skills:
 - Level 3.0 Fighting
 - Level 2.6 Dodging
 + Level 8.2 Stealth
 - Level 2.0 Unarmed Combat


You had 2 spell levels left.
You didn't know any spells.
Your spell library was empty.

Dungeon Overview and Level Annotations

Branches:
Dungeon (5/15)
 Temple: D:4-7

Altars:


Innate Abilities, Weirdness & Mutations

You have sharp claws.
You have razor-sharp teeth.
You have supernaturally acute eyesight. (SInv)
You cover ground quickly. (Speed+)
You are covered in fur. (AC +1)
Your paws help you pounce on unaware monsters.
You are incapable of wielding weapons or throwing items.
You cannot wear armour.
You gain extra lives every three experience levels.


Message History

You scratch the centaur zombie. You claw the centaur zombie!
The centaur zombie is severely damaged.
The centaur zombie hits you but does no damage.
The centaur zombie kicks you.
You scratch the centaur zombie.
The centaur zombie is almost destroyed.
The centaur zombie barely misses you. x2
You scratch the centaur zombie. You bite the centaur zombie.
You destroy the centaur zombie!
Your Stealth skill increases to level 8!
You have reached level 3!
Your experience leads to an increase in your attributes!
Increase (S)trength, (I)ntelligence, or (D)exterity?
You feel agile. x2
You barely miss the iguana.
You scratch the iguana but do no damage.
The iguana misses you.
You barely miss the iguana.
The iguana hisses menacingly.
The iguana barely misses you.
You barely miss the iguana. You scratch the iguana.
The iguana is lightly wounded.
The iguana barely misses you.
You scratch the iguana.
The iguana is lightly wounded.
You barely miss the iguana.
The iguana is lightly wounded.
The iguana barely misses you.
You scratch the iguana but do no damage.
You bite the iguana, but do no damage.
The iguana is lightly wounded.
The iguana misses you.
You scratch the iguana but do no damage.
The iguana is lightly wounded.
You barely miss the iguana. You bite the iguana, but do no damage.
The iguana is lightly wounded.
The iguana bites you!
Ouch! That really hurt!
You die...

### ##.## ## #.....#.#
#...# ###.###.# # #>..#
#.###.. # #...# ##...### #
#...# #.....### # #...#
#........#
######...#######
#.....##...
....l..........###.....#
..
...............l@....#....
.
...............##..#.#.##.
######...########..)...# .
.# #...# #........ ..#
#...# #.######## ....
#...# #.# .......... #.#
.ZZ.l#...#. #.. .#...J..#


You could see an iguana.

Vanquished Creatures
  A centaur zombie (D:5)
  5 orcs (D:5)
6 creatures vanquished.

Notes
Turn   | Place    | Note
-------+----------+-------------------------------------------
     0 | D:5      | MiltankisOP the Felid Delver began the quest for the Orb.
     0 | D:5      | Reached XP level 1. HP: 10/10 MP: 2/2
   112 | D:5      | Reached skill level 7 in Stealth
   115 | D:5      | Reached XP level 2. HP: 14/14 MP: 3/3
   184 | D:5      | Reached skill level 8 in Stealth
   184 | D:5      | Reached XP level 3. HP: 12/17 MP: 4/4
   194 | D:5      | Slain by an iguana

Illustrated notes

Levels and vault maps discovered:
D:5:      layout_loops_cross, nicolae_figureground_sparkle

Skill      XL: |  1  2 |
---------------+-------+-----
Stealth        | 7 8 |  8.2
Fighting       | |  3.0
Dodging        | |  2.6
Unarmed Combat | |  2.0

Action                   || total
-------------------------++-------
Melee: Unarmed           ||    22
       Bite              ||     3
       Punch             ||     1
  Use: Potion            ||     1
 Stab: Sleeping          ||     5
Armor: Skin              ||     1
Dodge: Dodged            ||    12
